 Dungeon Crawl Stone Soup version 0.29.1-15-g9cfb28693d (webtiles) character file.

Game seed: 7340749272733359328

5874 Sanktem7 the Fighter (level 10, -8/100 HPs)
             Began as a Minotaur Fighter on Mar 3, 2023.
             Was a High Priest of Okawaru.
             Mangled by a two-headed ogre
             ... wielding a +0 giant spiked club
              (21 damage)
             ... on level 7 of the Dungeon.
             The game lasted 00:16:53 (7203 turns).

Sanktem7 the Fighter (Minotaur Fighter)             Turns: 7203, Time: 00:16:54

Health: -8/100     AC: 12    Str: 29 (30) XL:     10   Next: 52%
Magic:  0/9        EV: 11    Int:  3 (5)  God:    Okawaru [*****.]
Gold:   1106       SH:  8    Dex:  9 (11) Spells: 9/9 levels left

rFire   + . .      SeeInvis .   a - +1 war axe (flame) {axe}
rCold   . . .      Faith    .   H - +0 kite shield
rNeg    . . .      Spirit   +   u - +0 chain mail
rPois   .          Reflect  .   (helmet unavailable)
rElec   .          Harm     .   m - +0 cloak
rCorr   .          Rampage  .   y - +0 pair of gloves
Will    .....                   (no boots)
Stlth   ..........              b - amulet of guardian spirit
HPRegen 0.26/turn               h - +4 ring of evasion
MPRegen 0.11/turn               B - +6 ring of strength

@: about to teleport
A: horns 3, retaliatory headbutt, talons 1, deterioration 1, fire resistance 1
a: Renounce Religion, Heroism, Finesse, Duel


You were on level 7 of the Dungeon.
You worshipped Okawaru.
Okawaru was extremely pleased with you.
You visited 2 branches of the dungeon, and saw 9 of its levels.
You also visited: Bailey.

You collected 1106 gold pieces.


Innate Abilities, Weirdness & Mutations

You have a pair of large horns on your head.
You reflexively headbutt those who attack you in melee.
You have sharp toenails.
Your body sometimes deteriorates upon taking damage.
Your flesh is heat resistant. (rF+)


   Skills:
 * Level 12.6 Fighting
 * Level 6.4(9.3) Axes
 - Level 10.4(11.2) Maces & Flails
 + Level 5.5 Throwing
 - Level 6.0 Armour
 - Level 3.6 Shields


You had 9 spell levels left.
You didn't know any spells.
Your spell library contained the following spells:

 Spells                   Type           Power      Damage    Failure   Level
 Shock                    Conj/Air       0%         1d3       100%        1
 Blink                    Tloc           0%         N/A       100%        2
 Lesser Beckoning         Tloc           0%         N/A       100%        3
 Stone Arrow              Conj/Erth      0%         3d7       100%        3
 Swiftness                Air            0%         N/A       100%        3
 Airstrike                Air            0%         2d(0-16)  100%        4
 Manifold Assault         Tloc           0%         N/A       100%        5
 Lehudib's Crystal Spear  Conj/Erth      0%         10d2      100%        8
 Animate Armour           Summ/Erth      Unusable   N/A       N/A         4

Inventory:

Hand Weapons
 a - a +1 war axe of flaming (weapon) {axe}
 l - the +7 lajatang of Order {silver, rMut, staff}
   (You took it off a spriggan in a bailey)

   It inflicts extra damage upon those it strikes, and deals substantially
   increased damage to chaotic, mutated and magically transformed beings.
   rMut:      It protects you from mutation.
 C - a +3 flail of holy wrath {mace}
   (You took it off Edmund on level 5 of the Dungeon)
Missiles
 e - 17 poisoned darts (quivered) {throwing}
 f - 41 stones {throwing}
 i - 7 boomerangs {throwing}
 v - 6 atropa-tipped darts {throwing}
Armour
 c - a +0 buckler
 m - a +0 cloak (worn)
   (You found it on level 2 of the Dungeon)
 u - a +0 chain mail (worn)
   (You found it on level 3 of the Dungeon)
 y - a +0 pair of gloves (worn)
   (You found it on level 5 of the Dungeon)
 H - a +0 kite shield (worn)
   (You found it on level 7 of the Dungeon)
Jewellery
 b - an amulet of guardian spirit (around neck)
   (You found it on level 4 of the Dungeon)
 h - a +4 ring of evasion (left hand)
   (You found it on level 1 of the Dungeon)
 B - a +6 ring of strength (right hand)
   (You found it on level 5 of the Dungeon)
Wands
 D - a wand of digging (4)
   (You took it off Edmund on level 5 of the Dungeon)
 E - a wand of mindburst (9)
   (You found it on level 6 of the Dungeon)
Scrolls
 g - 5 scrolls of teleportation {@r4}
 k - 2 scrolls of identify {@r1}
 o - a scroll of amnesia
 p - 2 scrolls of blinking {!r}
 q - 8 scrolls of immolation {!r!r}
 r - a scroll of butterflies
 t - 2 scrolls of fear
 A - a scroll of magic mapping {!r}
Potions
 d - a potion of might
 j - a potion of mutation {!q}
 n - 2 potions of flight
 s - 3 potions of curing {@q1}
 w - a potion of heal wounds {@q2}
 z - 3 potions of lignification {!q}
 J - a potion of magic
 M - 2 potions of invisibility

Dungeon Overview and Level Annotations

Branches:
Dungeon (8/15) Zot: 26824  Temple (1/1) D:5 Zot: 5983  Bailey (visited)
   Lair: D:8-11

Altars:
Ashenzari
Gozag
Hepliaklqana
Okawaru
Sif Muna
Uskayaw
Wu Jian
Xom
Yredelemnul
Zin
The Shining One

Shops:
D:2 (   D:6 *

Annotations:
D:3 2 transporters

.........##.##...#......##
.[...8...######....#..###
..8......#####..####.##
..........##.....# ###
.....###...#.....#
.....##..#.#.#...#
#...###^##.#....### ...##
#..#.....)O.# ####
##........@.# #
#...#..#..o# #
#########..# ####


You could see a two-headed ogre and an orc warrior.


Message History

Your headbutt misses the hornet.
You feel very sick. The hornet misses you.
The hornet stings you but does no damage.
An orc warrior comes into view. It is wielding a +0 flail.
The hornet stings you!
You are more poisoned.
You suddenly lose the ability to move!
The orc warrior moves out of view.
You can move again. 😕 HP[-12] MP[-1]
You take 12 damage, and now have 82/99 hp.
You lost 1 mp, and now have 8/9 mp.
You slash the hornet! You burn the hornet.
You kill the hornet!
Okawaru accepts your kill. Okawaru grants you armour!
Something appears at your feet!
You see here the +1 ring mail of the Cobbler {rElec}.
You feel yourself speed up.
You feel extremely sick. 😕 HP[-5]
You now have 100 max hp (+1).
You take 5 damage, and now have 77/100 hp.
You feel very sick. 😮 HP[-3]
You take 3 damage, and now have 74/100 hp.
You feel sick. 😮 HP[-2]
You take 2 damage, and now have 72/100 hp.
You feel sick. 😮 HP[-1]
You take 1 damage, and now have 71/100 hp.
You feel sick. 😮 HP[-2]
You take 2 damage, and now have 69/100 hp.
You feel sick. 😮 HP[-1]
You take 1 damage, and now have 68/100 hp.
You feel sick. 😮 HP[-1]
You take 1 damage, and now have 67/100 hp.
You feel sick. 😮 MP[+1]
Your mp is fully restored (9).
You feel sick. 😮 HP[-1]
You take 1 damage, and now have 66/100 hp.
You feel sick.
You are no longer poisoned.
The white imp grins evilly. 😮 HP[-1]
You take 1 damage, and now have 65/100 hp.
There is a stone staircase leading up here.
You can't go down here!
You climb upwards.
There is a stone staircase leading down here. 😮 HP[+1]
You start resting. 😎 HP[+34]
Your hp is fully restored (100).
You can't go up here!
You climb downwards.
The two-headed ogre hits you with a +0 giant spiked club!
The two-headed ogre barely misses you.
The orc warrior hits you with a +0 flail!
You block the orc warrior's attack.
There is a stone staircase leading up, spattered with blood here. 😕 HP[-20] MP[-2]
You take 20 damage, and now have 80/100 hp.
You lost 2 mp, and now have 7/9 mp.
You can't go down here!
The two-headed ogre hits you with a +0 giant spiked club!!
The two-headed ogre hits you with a +0 giant spiked club!
* * * LOW HITPOINT WARNING * * *
The orc warrior hits you with a +0 flail.
* * * LOW HITPOINT WARNING * * *
You climb upwards.
There is a stone staircase leading down here. 😨 HP[-41] MP[-3]
You take 41 damage, and now have 39/100 hp.
MASSIVE DAMAGE!! (PAUSE)
You lost 3 mp, and now have 4/9 mp.
You hit the two-headed ogre. You burn the two-headed ogre.
Your kick misses the two-headed ogre. You closely miss the orc warrior.
The orc warrior hits you with a +0 flail!
* * * LOW HITPOINT WARNING * * *
You block the two-headed ogre's attack.
The two-headed ogre hits you with a +0 giant spiked club!
* * * LOW HITPOINT WARNING * * *
😱 HP[-23] MP[-2]
You take 23 damage, and now have 16/100 hp.
MASSIVE DAMAGE!! (PAUSE)
You lost 2 mp, and now have 2/9 mp.
As you read the scroll of teleportation {@r4}, it crumbles to dust.
You feel strangely unstable. The orc warrior closely misses you.
The two-headed ogre hits you with a +0 giant spiked club.
* * * LOW HITPOINT WARNING * * *
The two-headed ogre hits you with a +0 giant spiked club!!
You die...

Skill      XL: |  1  2  3  4  5  6  7  8  9 10 |
---------------+-------------------------------+-----
Fighting       | 4 5 6 7 8 10 11 12 | 12.6
Axes           | 3 4 5 6 |  6.4
Armour         | 4 5 6 |  6.0
Maces & Flails | 2 5 7 9 10 | 10.4
Throwing       | 3 4 5 |  5.5
Shields        | |  3.6

Action                   |  1- 3 |  4- 6 |  7- 9 | 10-12 || total
-------------------------+-------+-------+-------+-------++-------
Melee: War axe           |    70 |    70 |       |    26 ||   166
       Headbutt          |     3 |    14 |    21 |     8 ||    46
       Kick              |       |    11 |    31 |    11 ||    53
       Flail             |       |    11 |   120 |    17 ||   148
       Punch             |       |       |     1 |       ||     1
  Use: Scroll            |     1 |     8 |       |    12 ||    21
       Potion            |       |     1 |     2 |     5 ||     8
Armor: Scale mail        |    22 |     6 |       |       ||    28
       Chain mail        |       |    25 |    36 |    15 ||    76
Dodge: Dodged            |    40 |    36 |    74 |    23 ||   173
Block: Buckler           |    17 |    16 |    15 |       ||    48
       Kite shield       |       |       |       |     2 ||     2

Levels and vault maps discovered:
D:1:      spicycebolla_arrival_clurvy, layout_loops_ring
D:2:      layout_loops_ring, serial_shops, nicolae_shop_hallway_plus,
          uniq_jessica
D:3:      gammafunk_steamed_eel, layout_rooms,
          ebering_ecumenical_altar_abandoned, hangedman_decor_push,
          grunt_decor_junction, minmay_misc_feat_x, minivault_25
D:4:      layout_basic, minitemple
D:5:      layout_gridville, minmay_temple_entry_glass, uniq_edmund
D:6:      minmay_recursive_quarters, layout_layer_cave, serial_shops,
          nicolae_lakefront_shop, minmay_three_doors
D:7:      layout_cave_pools, enter_bailey_6, serial_park_tiny_pond,
          small_statue_intersection, uniq_menkaure
D:8:      layout_loops_corners, dpeg_oklobed_lair, minmay_circle_x
Temple:   hellmonk_temple_of_storms

Notes
Turn   | Place    | Note
-------+----------+-------------------------------------------
     0 | D:1      | Sanktem7 the Minotaur Fighter began the quest for the Orb.
     0 | D:1      | Reached XP level 1. HP: 19/19 MP: 0/0
     0 | D:1      | magus.rc [v1.9.6]
   120 | D:1      | You pick up a book of Air and begin reading...
   120 | D:1      | You add the spells Shock, Swiftness and Airstrike to your
                  | library.
   376 | D:1      | Reached XP level 2. HP: 24/27 MP: 1/1
   426 | D:1      | Reached skill level 4 in Fighting
   575 | D:2      | Reached skill level 3 in Axes
   670 | D:2      | Found Eplecvel's Antique Weapon Boutique.
   758 | D:2      | Noticed Jessica
   762 | D:2      | Killed Jessica
   763 | D:2      | Reached skill level 4 in Armour
   763 | D:2      | Reached XP level 3. HP: 34/34 MP: 2/2
  1183 | D:3      | Found a transporter.
  1248 | D:3      | Reached XP level 4. HP: 39/41 MP: 3/3
  1397 | D:3      | Reached skill level 4 in Axes
  1472 | D:3      | Found a transporter.
  1632 | D:3      | Gained mutation: Your body sometimes deteriorates upon
                  | taking damage. [potion of mutation]
  1632 | D:3      | Gained mutation: You have sharp toenails. [potion of
                  | mutation]
  1632 | D:3      | Gained mutation: You have a pair of large horns on your
                  | head. [potion of mutation]
  1632 | D:3      | Gained mutation: Your flesh is heat resistant. (rF+)
                  | [potion of mutation]
  1805 | D:3      | Found a faded altar of an unknown god.
  1873 | D:4      | Reached skill level 5 in Fighting
  1879 | D:4      | You pick up a book of Armaments and begin reading...
  1879 | D:4      | You add the spells Stone Arrow, Animate Armour and
                  | Lehudib's Crystal Spear to your library.
  2096 | D:4      | Reached XP level 5. HP: 41/48 MP: 4/4
  2271 | D:4      | Found a basalt altar of Yredelemnul.
  2272 | D:4      | Found a shimmering blue altar of Sif Muna.
  2276 | D:4      | Found a broken altar of Ashenzari.
  2763 | D:5      | Entered Level 5 of the Dungeon
  2990 | D:5      | Found a staircase to the Ecumenical Temple.
  3001 | Temple   | Entered the Ecumenical Temple
  3010 | Temple   | Became a worshipper of Warmaster Okawaru
  3483 | D:5      | Noticed Edmund
  3490 | D:5      | Killed Edmund
  3491 | D:5      | Reached skill level 6 in Fighting
  3491 | D:5      | Reached skill level 5 in Axes
  3491 | D:5      | Reached skill level 5 in Armour
  3491 | D:5      | Reached XP level 6. HP: 57/57 MP: 5/5
  3494 | D:5      | You pick up a book of Spatial Translocations and begin
                  | reading...
  3494 | D:5      | You add the spells Blink, Lesser Beckoning and Manifold
                  | Assault to your library.
  3958 | D:6      | Reached skill level 1 in Maces & Flails
  4242 | D:6      | Noticed a yak
  4248 | D:6      | Noticed a steam dragon
  4254 | D:6      | Killed a steam dragon
  4255 | D:6      | Reached skill level 7 in Fighting
  4255 | D:6      | Reached skill level 2 in Maces & Flails
  4255 | D:6      | Reached XP level 7. HP: 63/66 MP: 6/6
  4263 | D:6      | Reached * piety under Okawaru
  4264 | D:6      | Reached skill level 3 in Maces & Flails
  4287 | D:6      | Noticed a yak
  4287 | D:6      | Noticed a yak
  4288 | D:6      | Noticed a yak
  4290 | D:6      | Killed a yak
  4298 | D:6      | HP: 15/66 [yak (7)]
  4299 | D:6      | Killed a yak
  4300 | D:6      | Reached skill level 4 in Maces & Flails
  4300 | D:6      | Reached skill level 6 in Armour
  4300 | D:6      | HP: 4/67 [yak (11)]
  4300 | D:6      | HP: 1/67 [yak (3)]
  4302 | D:6      | Killed a yak
  4303 | D:6      | Reached skill level 8 in Fighting
  4303 | D:6      | Reached skill level 5 in Maces & Flails
  4303 | D:6      | Reached XP level 8. HP: 19/74 MP: 1/7
  4345 | D:6      | Reached skill level 1 in Throwing
  4632 | D:6      | Reached ** piety under Okawaru
  4633 | D:6      | Reached skill level 6 in Maces & Flails
  4637 | D:6      | Reached skill level 9 in Fighting
  4727 | D:6      | Reached skill level 2 in Throwing
  4790 | D:6      | Found Liuvausch's General Store.
  4923 | D:6      | Reached skill level 7 in Maces & Flails
  4968 | D:6      | Noticed a two-headed ogre
  4976 | D:6      | Killed a two-headed ogre
  4976 | D:6      | Reached *** piety under Okawaru
  4977 | D:6      | Reached skill level 10 in Fighting
  4977 | D:6      | Reached skill level 3 in Throwing
  4977 | D:6      | Reached XP level 9. HP: 47/85 MP: 4/8
  5402 | D:7      | Reached skill level 8 in Maces & Flails
  5432 | D:7      | Noticed Menkaure
  5438 | D:7      | Killed Menkaure
  5488 | D:7      | Found a flagged portal.
  5499 | Bailey   | Entered a bailey
  5659 | Bailey   | Reached skill level 4 in Throwing
  5664 | Bailey   | Reached skill level 11 in Fighting
  5664 | Bailey   | Reached skill level 9 in Maces & Flails
  5664 | Bailey   | Reached **** piety under Okawaru
  5753 | Bailey   | HP: 17/89 [spriggan/+0 trident (14)]
  5758 | Bailey   | HP: 15/89 [spriggan/+0 trident (2)]
  5760 | Bailey   | HP: 2/89 [spriggan/+0 trident (13)]
  5925 | Bailey   | Reached XP level 10. HP: 58/96 MP: 6/9
  6076 | Bailey   | Noticed a two-headed ogre
  6085 | Bailey   | Killed a two-headed ogre
  6086 | Bailey   | Reached skill level 12 in Fighting
  6086 | Bailey   | Reached skill level 10 in Maces & Flails
  6240 | Bailey   | Reached skill level 5 in Throwing
  6387 | Bailey   | Identified a scroll of acquirement
  6387 | Bailey   | Acquired 736 gold pieces
  6557 | D:7      | Reached ***** piety under Okawaru
  6736 | D:7      | Reached skill level 6 in Axes
  7055 | D:8      | Noticed a two-headed ogre
  7055 | D:8      | Paralysed by a hornet for 1 turns
  7056 | D:8      | Identified the +1 ring mail of the Cobbler {rElec} (Okawaru
                  | gifted it to you on level 8 of the Dungeon)
  7056 | D:8      | Received a gift from Okawaru
  7202 | D:7      | HP: 16/100 [two-headed ogre/+0 giant spiked club (16)]
  7203 | D:7      | Mangled by a two-headed ogre

Vanquished Creatures
  2 two-headed ogres
  A hornet (D:8)
  7 spriggans (Bailey)
  2 steam dragons
  4 yaks (D:6)
  Menkaure (D:7)
  Edmund (D:5)
  An orc warrior (D:7)
  2 water moccasins (D:7)
  2 black bears
  An ice beast (D:7)
  A sky beast (D:7)
  7 ogres
  3 centaurs
  A necrophage (D:7)
  2 bullfrogs (D:6)
  2 howler monkeys (D:6)
  4 hounds
  3 orc priests (D:7)
  4 jellies
  4 iguanas
  Jessica (D:2)
  2 orc wizards
  6 adders
  A shadow imp (D:5)
  5 white imps
  16 orcs
  5 endoplasms
  5 giant cockroaches
  2 goblins
  9 hobgoblins
  4 jackals (D:5)
  A quokka (D:1)
  5 ball pythons
  2 bats
  A frilled lizard (D:1)
  7 kobolds
  7 rats
134 creatures vanquished.

Table legend:
 A = Non-vault XP
 B = Vault XP
 C = Vault XP percentage of total XP
 D = Non-vault monster count
 E = Vault monster count
 F = Vault count percentage of total count
                 A         B        C        D         E       F
            +---------+---------+-------+---------+---------+-------
      Total |    3244 |    5148 |  61.3 |     106 |      28 |  20.9
            +---------+---------+-------+---------+---------+-------
        D:1 |      19 |       0 |   0.0 |      12 |       0 |   0.0
        D:2 |      17 |      37 |  68.5 |      11 |       1 |   8.3
        D:3 |      69 |       0 |   0.0 |      16 |       0 |   0.0
        D:4 |     129 |       0 |   0.0 |      22 |       0 |   0.0
        D:5 |      62 |     169 |  73.2 |       7 |       1 |  12.5
        D:6 |    1471 |    1404 |  48.8 |      16 |      10 |  38.5
        D:7 |    1351 |     172 |  11.3 |      21 |       1 |   4.5
        D:8 |     126 |     282 |  69.1 |       1 |       1 |  50.0
     Bailey |       0 |    3084 | 100.0 |       0 |      14 | 100.0
            +---------+---------+-------+---------+---------+-------

Illustrated notes

Table legend:
 A = Kills in this place as a percentage of kills in entire the game.
 B = Kills by you in this place as a percentage of kills by you in the entire game.
 C = Kills by friends in this place as a percentage of kills by friends in the entire game.
 D = Other kills in this place as a percentage of other kills in the entire game.
 E = Experience gained in this place as a percentage of experience gained in the entire game.
 F = Experience gained in this place divided by the number of levels of this place that you have seen.
                   A       B       C       D       E      F
               +-------+-------+-------+-------+-------+----------------------
         Total | 100.0 | 100.0 |   N/A |   N/A | 100.0 | 839.2
       Dungeon |  89.6 |  89.6 |   N/A |   N/A |  63.3 | 663.5
        Bailey |  10.4 |  10.4 |   N/A |   N/A |  36.7 | 3084.0
               +-------+-------+-------+-------+-------+----------------------

Table legend: (Time is in decaauts)
 A = Elapsed time spent in this place.
 B = Non-inter-level travel time spent in this place.
 C = Inter-level travel time spent in this place.
 D = Time resting spent in this place.
 E = Time spent auto-exploring this place.
 F = Levels seen in this place.
 G = Mean time per level.
                   A        B        C        D        E       F      G
               +--------+--------+--------+--------+--------+-----+--------+
         Total |   7244 |   7191 |     53 |    562 |   5560 |  10 |  724.4 |
       Dungeon |   6327 |   6274 |     53 |    129 |   5218 |   8 |  790.9 |
        Temple |     16 |     16 |      0 |      0 |      0 |   1 |   16.0 |
        Bailey |    900 |    900 |      0 |    433 |    341 |   1 |  900.0 |
               +--------+--------+--------+--------+--------+-----+--------+

Top non-repeatable levels by time:
     D:6: 1687 daAuts
     D:5: 938 daAuts
     D:4: 918 daAuts
  Bailey: 900 daAuts
     D:7: 855 daAuts
     D:3: 722 daAuts
     D:2: 589 daAuts
     D:1: 576 daAuts
     D:8: 40 daAuts
  Temple: 16 daAuts
